 Dungeon Crawl Stone Soup version 0.19-a0-1068-g99dd0f4 (webtiles) character file.

49 Ijustatesigmund the Skirmisher (level 3, -6/29 HPs)
             Began as a Demonspawn Fighter on Aug 4, 2016.
             Killed by nerve-wracking pain
             ... invoked by Jessica
              (8 damage)
             ... on level 2 of the Dungeon.
             The game lasted 00:02:15 (1055 turns).

Ijustatesigmund the Skirmisher (Demonspawn Fighter) Turns: 1055, Time: 00:02:15

Health: -6/29      AC:  6    Str: 23    XL:     3   Next: 53%
Magic:  3/3        EV:  7    Int:  9    God:
Gold:   70         SH:  9    Dex: 13    Spells: 0 memorised, 2 levels left

rFire  . . .     SeeInvis .     a - +0 flail
rCold  . . .     Gourm    .     b - +0 scale mail
rNeg   . . .     Faith    .     c - +0 shield
rPois  .         Spirit   .     (no helmet)
rElec  .         Dismiss  .     (no cloak)
rCorr  .         Reflect  .     (no gloves)
SustAt .         Harm     .     (no boots)
MR     .....                    (no amulet)
Stlth  ..........               (no ring)
                                g - +2 ring of strength

@: mighty
A: claws 1, powered by pain 1
a: no special abilities


You were on level 2 of the Dungeon.
You were hungry.

You visited 1 branch of the dungeon, and saw 2 of its levels.

You collected 70 gold pieces.

Inventory:

Hand Weapons
 a - a +0 flail (weapon)
Armour
 b - a +0 scale mail (worn)
 c - a +0 shield (worn)
Jewellery
 g - a +2 ring of strength (left claw)
Scrolls
 e - a scroll of magic mapping
Potions
 d - 2 potions of might
 k - 2 potions of berserk rage {unknown}
Comestibles
 f - 2 bread rations
 i - a meat ration
 j - a slice of pizza


   Skills:
 + Level 3.5 Fighting
 * Level 3.1 Maces & Flails
 - Level 2.6 Armour
 - Level 2.6 Shields


You had 2 spell levels left.
You didn't know any spells.

Dungeon Overview and Level Annotations

Branches:
Dungeon (2/15)

Altars:
Vehumet

Annotations:
D:2 Jessica


Innate Abilities, Weirdness & Mutations

You have sharp fingernails.
You sometimes gain a little power by taking damage.


Message History

Jessica mumbles some strange words.
Jessica blinks!
The kobold hits you but does no damage.
You feel better. The bat hits you. Jessica gestures at you while chanting.
Pain shoots through your body! You block the kobold's attack.
You barely miss Jessica. The bat hits you but does no damage. x2
Jessica closely misses you. You block the kobold's attack.
You closely miss Jessica. You block the bat's attack.
Jessica very coldly says, "I hate your company."
You block Jessica's attack. You block the kobold's attack.
You closely miss Jessica. You block Jessica's attack.
You block the kobold's attack. The bat hits you but does no damage.
You closely miss Jessica. The bat barely misses you.
The kobold closely misses you.
Jessica zaps a wand.
The puff of flame hits you! You block the kobold's attack.
Jessica zaps a wand.
The puff of flame hits you!
* * * LOW HITPOINT WARNING * * *
You closely miss Jessica. The kobold hits you but does no damage.
Jessica gestures at you while chanting. Pain shoots through your body!
You die...

########
###......# #
##........# ##
##..P....P.##
##.
#.....P♣....##
#.#
#..P♣♣.♣♣PP..#
##.
#@@.P♣♣♣♣♣♣..#
## #.KbP♣ ♣P.#
# #.P.P♣ ♣♣♣..#
#
..#....♣♣...##
#
....#[PP♣P..##
♣ .....
#...P.########♣
.....
#..##.........P
......
###......#####♣
#.##.......# ♣


You could see Jessica, a bat and a kobold.

Vanquished Creatures
  An adder (D:2)
  2 oozes (D:1)
  4 dart slugs
  A giant gecko (D:1)
  2 bats
  2 giant cockroaches (D:1)
  3 goblins
  A hobgoblin (D:1)
  2 kobolds
  A giant newt (D:1)
  6 rats
25 creatures vanquished.

Notes
Turn   | Place    | Note
-------+----------+-------------------------------------------
     0 | D:1      | Ijustatesigmund the Demonspawn Fighter began the quest for the Orb.
     0 | D:1      | Reached XP level 1. HP: 18/18 MP: 1/1
   206 | D:1      | Gained mutation: You sometimes gain a little power by taking damage. [demonic ancestry]
   206 | D:1      | Reached XP level 2. HP: 24/24 MP: 2/2
   576 | D:1      | Gained mutation: You have sharp fingernails. [demonic ancestry]
   576 | D:1      | Reached XP level 3. HP: 28/29 MP: 3/3
   723 | D:2      | Found a radiant altar of Vehumet.
  1042 | D:2      | Noticed Jessica
  1055 | D:2      | Killed from afar by Jessica

Vault maps used:
D:1:      dpeg_arrival_arbitrary_b
D:2:      fiery_altar_vehumet, serial_forest, infiniplex_forest_clump_small,
          infiniplex_forest_lined_room_2, infiniplex_forest_corner_1,
          infiniplex_forest_zigzag_2, infiniplex_forest_zigzag_1,
          infiniplex_forest_clump_large, infiniplex_forest_clump_curved,
          infiniplex_forest_clump_C, st_stairs_2, uniq_jessica, uniq_iyjb

Skill      XL: |  1  2  3 |
---------------+----------+-----
Maces & Flails | 2 3 |  3.1
Fighting       | |  3.5
Armour         | |  2.6
Shields        | |  2.6

Action                   || total
-------------------------++-------
Melee: Flail             ||   109
  Use: Scroll            ||     4
       Potion            ||     2
Armor: Scale mail        ||    69
Dodge: Dodged            ||    41
Block: Shield            ||    76
